 Dungeon Crawl Stone Soup version 0.17-a0-1504-gb7d9117 (webtiles) character file.

3465 namelastname112 the Slicer (level 9, -1/57 HPs)
             Began as a Purple Draconian Arcane Marksman on July 9, 2015.
             Was a Believer of Kikubaaqudgha.
             Slain by a wraith (8 damage)
             ... on level 10 of the Dungeon.
             The game lasted 00:24:59 (11020 turns).

namelastname112 the Slicer (DrAM)                  Turns: 11020, Time: 00:25:00

Health: -1/57      AC: 10    Str: 13    XL:     9   Next: 78%
Magic:  14/14      EV: 12    Int: 16    God:    Kikubaaqudgha [**....]
Gold:   636        SH:  0    Dex: 12    Spells: 3 memorised, 10 levels left

rFire  + . .     SeeInvis +     (no weapon)
rCold  . . .     Rnd*Rage +     (armour unavailable)
rNeg   . . .     SustAt   .     (no shield)
rPois  .         Gourm    .     (helmet restricted)
rElec  .         Spirit   .     (no cloak)
rCorr  .         Warding  .     M - +1 pair of gloves
rMut   .         Stasis   .     q - +0 pair of boots
MR     +....                    (no amulet)
Stlth  +++.......               v - ring of see invisible
                                p - ring of protection from fire

@: slowed, very slow, somewhat resistant to hostile enchantments, fairly
stealthy
A: breathe power, unfitting armour, horns 1, stinger 1, berserk 1, blurry vision
1, clever 1, clumsy 1, frail 1, low mp 1, cold-blooded, AC +7
a: Breathe Dispelling Energy, Receive Corpses, Renounce Religion


You were on level 10 of the Dungeon.
You worshipped Kikubaaqudgha.
Kikubaaqudgha was pleased with you.
You were hungry.

You visited 2 branches of the dungeon, and saw 11 of its levels.

You collected 636 gold pieces.

Inventory:

Hand weapons
 l - a +2 dagger of holy wrath
 z - a +0 dagger of venom
 C - the +0 quarterstaff "Zeamuongen" {holy, Int+4}
   (You took it off a goblin on level 4 of the Dungeon)

   It has been blessed by the Shining One to cause great damage to the undead
   and demons.
   It affects your intelligence (+4).
 L - a +3 rapier of flaming
 P - the +5 quarterstaff "Julaeh" {freeze, Str+3}
   (You found it on level 8 of the Dungeon)

   It has been specially enchanted to freeze those struck by it, causing extra
   injury to most foes and up to half again as much damage against particularly
   susceptible opponents.
   It can also slow down cold-blooded creatures.
   It affects your strength (+3).
Missiles
 a - 4 javelins (quivered)
 b - 2 throwing nets
Armour
 q - a +0 pair of boots (worn)
 M - a +1 pair of gloves (worn)
Jewellery
 i - an uncursed ring of fire
 p - a ring of protection from fire (left hand)
 r - an uncursed ring of ice
 v - a ring of see invisible (right hand)
Magical devices
 e - a wand of enslavement (17)
 B - a wand of cold (10)
 E - a wand of frost (18)
 G - a wand of flame (17)
 J - a wand of random effects (22)
 K - a wand of invisibility (4)
 N - a wand of magic darts (30)
Scrolls
 f - 3 scrolls of fear
 h - 4 scrolls of remove curse
 n - a scroll of fog
 s - 3 scrolls of enchant weapon
 t - a scroll of noise
 x - 3 scrolls of recharging
 y - 3 scrolls of enchant armour
 H - a scroll of immolation {unknown}
 S - 2 scrolls of identify
Potions
 g - a potion of lignification
 j - 2 potions of agility
 k - a potion of ambrosia
 o - 4 potions of curing
 D - a potion of brilliance
 R - a potion of cancellation {unknown}
Books
 c - a book of Debilitation

   Spells                             Type                      Level
   a - Corona                         Hexes                        1
   b - Slow                           Hexes                        2
   c - Gell's Gravitas                Hexes/Translocation          3
   d - Inner Flame                    Hexes/Fire                   3
   e - Cause Fear                     Hexes                        4
   f - Leda's Liquefaction            Hexes/Earth                  4
 F - a book of Alchemy

   Spells                             Type                      Level
   a - Sublimation of Blood           Necromancy                   2
   b - Ignite Poison                  Fire/Transmutation/Poison    3
   c - Alistair's Intoxication        Transmutation/Poison         4
   d - Condensation Shield            Ice                          4
   e - Petrify                        Transmutation/Earth          4
   f - Irradiate                      Conjuration/Transmutation    5
 I - Kikubaaqudgha's Guide on Black Rituals
   (Kikubaaqudgha gifted it to you on level 8 of the Dungeon)

   Spells                             Type                      Level
   a - Animate Skeleton               Necromancy                   1
   b - Corpse Rot                     Necromancy                   2
   c - Sublimation of Blood           Necromancy                   2
   d - Regeneration                   Charms/Necromancy            3
   e - Control Undead                 Necromancy                   4
 O - a book of Callings

   Spells                             Type                      Level
   a - Summon Small Mammal            Summoning                    1
   b - Call Imp                       Summoning                    2
   c - Call Canine Familiar           Summoning                    3
   d - Summon Guardian Golem          Hexes/Summoning              3
   e - Summon Lightning Spire         Summoning/Air                4
   f - Summon Ice Beast               Ice/Summoning                4
Comestibles
 d - 8 bread rations
 u - 32 fruits
 w - 2 beef jerkies
 A - 4 meat rations


   Skills:
 - Level 1.5 Fighting
 + Level 8.9 Short Blades
 - Level 2.1 Throwing
 - Level 2.2 Dodging
 + Level 8.8 Stealth
 + Level 4.4 Spellcasting
 - Level 3.2 Hexes
 + Level 3.8 Necromancy


You had 10 spell levels left.
You knew the following spells:

 Your Spells              Type           Power        Failure   Level  Hunger
a - Corona                Hex            ##.....      6%          1    None
b - Regeneration          Chrm/Necr      #.........   21%         3    ###....
c - Corpse Rot            Necr           N/A          8%          2    ##.....


Dungeon Overview and Level Annotations

Branches:
Dungeon (10/15)            Temple (1/1) D:6            Lair (0/8) D:8
    Orc: D:9-12

Altars:
Ashenzari
Cheibriados
Dithmenos
Elyvilon
Fedhas
Gozag
Kikubaaqudgha
Makhleb
Okawaru
Qazlal
Ru
Trog
Vehumet
Xom
Yredelemnul
The Shining One

Shops:
D:9 [


Innate Abilities, Weirdness & Mutations

You can breathe bolts of dispelling energy.
Your rich purple scales are hard (AC +7).
Your body does not fit into most forms of armour.
You are cold-blooded and may be slowed by cold attacks.
You have a pair of small horns on your head.
Your tail ends in a poisonous barb.
You tend to lose your temper in combat.
Scrolls take you a little longer to read.
Your mind is acute. (Int +2)
You are clumsy. (Dex -2)
You are frail (-10% HP).
Your magical capacity is low (-10% MP).


Message History

Aim: a wraith (severely damaged) Nothing appears to happen.
Evoking this partially-identified wand wasted a few charges.
The wraith hits you.
* * * LOW HITPOINT WARNING * * *
The wraith drains your vigour!
You feel as though you will be slow longer.
* * * LOW HITPOINT WARNING * * *
Evoke which item? (* to show all) (? for menu, Esc to quit)
Zapping:
J - a wand of random effects {zapped: 5} (will waste charges)
Press: ? - help, Shift-Dir - straight line, f/p - wraith
Aim: a wraith (severely damaged)
The fireball explodes!
The fireball engulfs the wraith.
The wraith is almost destroyed.
The fireball engulfs you! You resist.
* * * LOW HITPOINT WARNING * * *
Evoking this partially-identified wand wasted a few charges.
The wraith hits you!
You die...
Kikubaaqudgha rasps: "You have failed me!
Welcome... death!"

#############
............
.........b.
..........##########
..........#.........
..........#.........
..........#.........
.........@W.........
...#####..##........
#<..#........
#>..######+##
#...... #........
#...##### ....#
....#


You could see a wraith and a bat.

Vanquished Creatures
  A fire drake (D:8)
  A two-headed ogre (D:9)
  A hungry ghost (D:8)
  Edmund (D:5)
  An orc warrior (D:7)
  2 ice beasts
  A water moccasin (D:9)
  2 sky beasts
  4 phantoms
  A centaur (D:7)
  A necrophage (D:9)
  2 ogres
  A big kobold (D:9)
  2 giant frogs
  2 scorpions
  4 crimson imps
  A quasit (D:4)
  5 orc priests
  3 hounds
  A centaur zombie (D:9)
  7 orc wizards
  An iguana (D:4)
  A jelly (D:8)
  5 worker ants
  A hound skeleton (D:6)
  10 adders
  12 gnolls
  4 shadow imps
  An ooze (D:3)
  An adder zombie (D:6)
  7 worms
  9 giant geckos
  21 orcs
  A bat zombie (D:5)
  7 giant cockroaches
  18 hobgoblins
  4 quokkas
  2 ball pythons
  16 bats
  2 giant gecko skeletons
  5 giant newts
  17 goblins
  8 jackals
  8 kobolds
  18 rats
223 creatures vanquished.

Notes
Turn   | Place    | Note
--------------------------------------------------------------
     0 | D:1      | namelastname112 the Draconian Arcane Marksman began the quest for the Orb.
     0 | D:1      | Reached XP level 1. HP: 16/16 MP: 2/2
   154 | D:1      | Reached XP level 2. HP: 15/23 MP: 3/3
   939 | D:2      | Reached skill level 1 in Stealth
   939 | D:2      | Reached XP level 3. HP: 21/28 MP: 4/4
  1066 | D:2      | Reached skill level 1 in Short Blades
  1651 | D:2      | Reached XP level 4. HP: 33/35 MP: 5/5
  2338 | D:3      | Reached XP level 5. HP: 22/40 MP: 6/6
  2377 | D:3      | Found a white marble altar of Elyvilon.
  2687 | D:3      | Reached skill level 3 in Stealth
  3095 | D:3      | Found a shattered altar of Ashenzari.
  3318 | D:4      | Reached XP level 6. HP: 37/47 MP: 7/7
  3333 | D:4      | Got a dazzling quarterstaff
  3334 | D:4      | Identified the +0 quarterstaff "Zeamuongen" {holy, Int+4} (You took it off a goblin on level 4 of the Dungeon)
  3401 | D:4      | Noticed a phantom
  3422 | D:4      | Killed a phantom
  3422 | D:4      | Reached skill level 4 in Short Blades
  3792 | D:4      | Your scales start taking on a rich purple colour.
  3792 | D:4      | Reached XP level 7. HP: 35/52 MP: 8/8
  4073 | D:4      | Reached skill level 5 in Stealth
  4259 | D:4      | Reached skill level 5 in Short Blades
  4670 | D:5      | Entered Level 5 of the Dungeon
  5013 | D:5      | Found a burning altar of Makhleb.
  5050 | D:5      | Reached skill level 6 in Stealth
  5164 | D:5      | Noticed Edmund
  5177 | D:5      | Killed Edmund
  5177 | D:5      | Reached XP level 8. HP: 49/59 MP: 9/9
  5222 | D:5      | Found an opulent altar of Gozag.
  6264 | D:6      | Reached skill level 7 in Stealth
  6606 | D:6      | Found a staircase to the Ecumenical Temple.
  6799 | D:6      | Noticed a moth of wrath
  6801 | D:6      | Found a bloodstained altar of Trog.
  6892 | D:6      | Found an opulent altar of Gozag.
  7246 | Temple   | Entered the Ecumenical Temple
  7282 | Temple   | Became a worshipper of Kikubaaqudgha
  8164 | D:7      | Gained mutation: Your tail ends in a poisonous barb. [potion of mutation]
  8164 | D:7      | Gained mutation: Scrolls take you a little longer to read. [potion of mutation]
  8164 | D:7      | Gained mutation: You tend to lose your temper in combat. [potion of mutation]
  8165 | D:7      | Gained mutation: You have a pair of small horns on your head. [potion of mutation]
  8165 | D:7      | Gained mutation: Your magical capacity is low (-10% MP). [potion of mutation]
  8165 | D:7      | Gained mutation: You are frail (-10% HP). [potion of mutation]
  8166 | D:7      | Gained mutation: Your mind is acute. (Int +2) [potion of mutation]
  8166 | D:7      | Gained mutation: You are clumsy. (Dex -2) [potion of mutation]
  8197 | D:8      | Noticed a fire drake
  8198 | D:8      | Found a staircase to the Lair.
  8213 | D:8      | Reached skill level 8 in Short Blades
  8279 | D:8      | Reached skill level 1 in Necromancy
  8279 | D:8      | Reached XP level 9. HP: 53/57 MP: 8/10
  8322 | D:8      | Acquired Kikubaaqudgha's first power
  8322 | D:8      | Received a gift from Kikubaaqudgha
  8325 | D:8      | Identified Kikubaaqudgha's Guide on Black Rituals (Kikubaaqudgha gifted it to you on level 8 of the Dungeon)
  8336 | D:8      | Learned a level 3 spell: Regeneration
  8339 | D:8      | Learned a level 2 spell: Corpse Rot
  8489 | D:8      | Killed a fire drake
  9009 | D:8      | Got an encrusted quarterstaff
  9010 | D:8      | Identified the +5 quarterstaff "Julaeh" {freeze, Str+3} (You found it on level 8 of the Dungeon)
  9231 | D:9      | Noticed Psyche
  9281 | D:9      | Found Xugreick's Antique Armour Shoppe.
 10899 | D:9      | Acquired Kikubaaqudgha's second power
 10965 | D:10     | Entered Level 10 of the Dungeon
 10991 | D:10     | HP: 1/57 [wraith (3)]
 11020 | D:10     | Slain by a wraith

Vault maps used:
D:1:      dpeg_arrival_pits
D:2:      first_bread
D:3:      lemuel_upstairs_altar, old_standard_altar, grunt_ministairs_7,
          elyvilon_altar_5
D:5:      nicolae_overflow_hidden_temple, basic_altar, uniq_edmund
D:6:      tgw_trog, minmay_temple_entry_from_below_a, hangedman_decor_riveting,
          st_stairs_13, grunt_gozag_statues
D:8:      minmay_lair_entry_lava
D:9:      serial_shops, nicolae_shop_temple_entry_statues_fountains,
          blue_anna_alchemist, fountainhead, uniq_psyche
Temple:   nicolae_temple_elliptical

Action                   |  1- 3 |  4- 6 |  7- 9 || total
-------------------------+-------+-------+-------++-------
Melee: Unarmed           |    78 |       |    23 ||   101
       Dagger            |    57 |   226 |   239 ||   522
       Rapier            |       |       |   321 ||   321
Throw: Javelin           |     6 |    34 |    13 ||    53
       Throwing net      |       |     3 |       ||     3
 Cast: Corona            |       |       |     1 ||     1
       Corpse Rot        |       |       |     6 ||     6
 Abil: Breathe Dispellin |       |       |     2 ||     2
Evoke: Wand              |       |       |     8 ||     8
  Use: Potion            |       |       |     8 ||     8
       Scroll            |       |       |    20 ||    20
 Stab: Sleeping          |     2 |     8 |    16 ||    26
       Held in net/web   |       |     1 |       ||     1
  Eat: Chunk             |     2 |     7 |    19 ||    28
       Meat ration       |       |       |     1 ||     1
